Workbook
Name Print_Area: Erläuterung!$A$1:$I$32

Sheet Deckblatt

Sheet Erläuterung
A1: Erläuterungen des Statistischen Bundesamtes:
A3: Sonstige Fonds, Einrichtungen und Unternehmen sind alle öffentlichen Fonds, Einrichtungen und Unternehmen, die nach den Vorgaben des Europäischen Systems der Volkswirtschaftlichen Gesamtrechnungen (ESVG 2010) nicht zum Sektor Staat gehören. Grundsätzlich handelt es sich bei diesen Einheiten nach dem ESVG 2010 um Marktproduzenten.
A5: Die Einheit wird von den Gebietskörperschaften des Staates (Bund, Länder, Gemeinden/Gemeindeverbände) sowie der Sozialversicherung kontrolliert, d.h. sie ist aus den Kernhaushalten der staatlichen Ebenen ausgegliedert, wurde neu gegründet oder durch Beteiligungserwerb erworben, aber die Gebietskörperschaften oder die Sozialversicherung halten die Mehrheit des Kapitals oder des Stimmrechts der Einheit.
A7: Die Liste der sonstigen Fonds, Einrichtungen und Unternehmen umfasst die öffentlichen Einheiten, die zum 1. Januar des Berichtsjahres nach dem ESVG 2010 nicht zum Sektor Staat zählen.
A8: Die Spalte Identifikator beinhaltet einen 14- oder 15-stelligen eindeutigen Identifikator.
A10: Die Spalte "Ebene" bezeichnet die Ebene, zu welcher die jeweilige Einheit zugeordnet wird: (Anm. Bundesbank: gemeint ist hier der Träger/Eigentümer)
A12: Bund
A13: Land
A14: Gemeinde/Gemeindeverbände
A15: Sozialversicherung
A17: Die Spalte Land beinhaltet auf Länder- und Gemeindeebene die Angabe des entsprechenden Bundeslandes bzw. beim Bund und der Sozialversicherung die Angabe des Teilsektors.
A19: Die Tabellenblätter Zugang bzw. Abgang stellen die Veränderungen der aktuellen Liste der sonstigen Fonds, Einrichtungen und Unternehmen im Vergleich zur Liste der sonstigen Fonds, Einrichtungen und Unternehmen des Vorjahres dar. Bei den Zugängen handelt es sich sowohl um reklassifizierte Einheiten als auch um neue Einheiten. Neue Einheiten sind unter anderem auf Neugründungen und Erwerb von Beteiligungen zurückzuführen. Demgegenüber handelt es sich bei den Abgängen sowohl um reklassifizierte Einheiten als auch Fusionen, Abwicklungen oder Privatisierungen.
... A31: Vervielfältigung und Verbreitung, auch auszugsweise, mit Quellenangabe gestattet.

Sheet Liste der sFEU
A1: Identifikator | B1: Liste der sonstigen öffentlichen Fonds, Einrichtungen und Unternehmen (Marktproduzenten) Stand 1. Januar 2026 | C1: Bundesland | D1: Träger/Eigentümer | E1: ESVG-Sektor | F1: Kundensystematik-Schlüssel | G1: Monatliche Bilanzstatistik – Sektor – | H1: Handelsregisternummer gem. technischer Spezifikation der Stamm- und Kreditdatenmeldungen für AnaCredit | I1: Legal Entity Identifier gem. technischer Spezifikation der Stamm- und Kreditdatenmeldungen für AnaCredit | J1: Anmerkungen
A2: 149032551449612 | B2: "DER RHEINBERGER" Besitzgesellschaft mbH & Co. KG | C2: Rheinland-Pfalz | D2: Gemeinde/Gemeindeverbände | E2: S.11 | F2: 68B | G2: Sonstige Unternehmen | H2: HRA30043-T3403 | I2: 391200W4362PVJDLJU46
A3: 149032468969312 | B3: "DER RHEINBERGER" Verwaltungs-GmbH | C3: Rheinland-Pfalz | D3: Gemeinde/Gemeindeverbände | E3: S.11 | F3: 70A | G3: Sonstige Unternehmen | H3: HRB30058-T3403
A4: 164913081789712 | B4: "POLO KNOW-HOW" Industrie-Engineering GmbH | C4: Nordrhein-Westfalen | D4: Land | E4: S.11 | F4: 620 | G4: Sonstige Unternehmen | H4: HRB35868-R1202
A5: 171332031340712 | B5: "Windpark Norderland GmbH & Co. KG, Holtriemer Hammrich IV" | C5: Niedersachsen | D5: Gemeinde/Gemeindeverbände | E5: S.11 | G5: Sonstige Unternehmen | H5: HRA200233-P3101 | I5: 391200UZX98WMLPOLU90
A6: 153006446439312 | B6: "Wohnen im Süden Rheinhessens" Wohnungsbau- und Immobilienverwaltungsgesellschaft der Verbandsgemeinde Monsheim mbH | C6: Rheinland-Pfalz | D6: Gemeinde/Gemeindeverbände | E6: S.11 | F6: 68A | G6: Sonstige Unternehmen | H6: HRB46881-T2304
A7: 051202706189586 | B7: (KSR) Kommunale Servicebetriebe Recklinghausen | C7: Nordrhein-Westfalen | D7: Gemeinde/Gemeindeverbände | E7: S.11 | F7: 380 | G7: Sonstige Unternehmen
A8: 173622600258212 | B8: 1. Immobilienanlagegesellschaft Oldenburg mbH & Co. KG | C8: Niedersachsen | D8: Gemeinde/Gemeindeverbände | E8: =VLOOKUP(A8,Zugang!A:G,5,FALSE) -> S.127 | G8: Übrige Finanzierungsinstitutionen / Firmeneigene Finanzierungseinrichtungen und Kapitalgeber
A9: 051490332168112 | B9: 1. Stadtwerke Bielefeld Wind GmbH & Co. KG | C9: Nordrhein-Westfalen | D9: Gemeinde/Gemeindeverbände | E9: S.11 | F9: 350 | G9: Sonstige Unternehmen | H9: HRA15887-R2101
A10: 169397691681412 | B10: 100. WestWind Windpark GmbH & Co. KG | C10: Niedersachsen | D10: Gemeinde/Gemeindeverbände | E10: S.11 | F10: 350 | G10: Sonstige Unternehmen | H10: HRA202661-P2716
A11: 150224523893012 | B11: 17er Oberlandenergie GmbH | C11: Bayern | D11: Gemeinde/Gemeindeverbände | E11: S.11 | F11: 350 | G11: Sonstige Unternehmen | H11: HRB220729-D2601
A12: 121150243940265 | B12: 1822direkt Gesellschaft der Frankfurter Sparkasse mbH | C12: Hessen | D12: Gemeinde/Gemeindeverbände | E12: S.126 | F12: 660 | G12: Übrige Finanzierungsinstitutionen / Mit Finanz- und Versicherungsdienstleistungen verbundene Tätigkeiten | H12: HRB41799-M1201
A13: 158752859664705 | B13: 2. Stadtwerke Bielefeld Wind GmbH & Co.KG | C13: Nordrhein-Westfalen | D13: Gemeinde/Gemeindeverbände | E13: S.11 | F13: 350 | G13: Sonstige Unternehmen | H13: HRA15884-R2101
A14: 121456371338885 | B14: 24/7 Energie & Kommunikation GmbH | C14: Baden-Württemberg | D14: Gemeinde/Gemeindeverbände | E14: S.11 | F14: 350 | G14: Sonstige Unternehmen | H14: HRB726328-B8537
A15: 121442886033015 | B15: 3 SG Windparkbeteiligungsgesellschaft mbH | C15: Baden-Württemberg | D15: Gemeinde/Gemeindeverbände | E15: S.127 | F15: 64K | G15: Übrige Finanzierungsinstitutionen / Firmeneigene Finanzierungseinrichtungen und Kapitalgeber | H15: HRB730796-B8537
A16: 160402783768512 | B16: 3. HOVG Hamburger Objekt Verwaltungs GmbH & Co. KG | C16: Hamburg | D16: Land | E16: S.11 | F16: 68B | G16: Sonstige Unternehmen | H16: HRA124883-K1101
A17: 158752859666105 | B17: 3. Stadtwerke Bielefeld Wind GmbH & Co.KG | C17: Nordrhein-Westfalen | D17: Gemeinde/Gemeindeverbände | E17: S.11 | F17: 350 | G17: Sonstige Unternehmen | H17: HRA16066-R2101
A18: 031347260302745 | B18: 3N Dienstleistungen GmbH | C18: Niedersachsen | D18: Land | E18: S.11 | G18: Sonstige Unternehmen | H18: HRB201192-P3313
A19: 158752859667505 | B19: 4. Stadtwerke Bielefeld Wind GmbH & Co.KG | C19: Nordrhein-Westfalen | D19: Gemeinde/Gemeindeverbände | E19: S.11 | F19: 350 | G19: Sonstige Unternehmen | H19: HRA16064-R2101
A20: 151780526070212 | B20: 450 MHZ Beteiligung GmbH | C20: Thüringen | D20: Gemeinde/Gemeindeverbände | E20: S.127 | F20: 64K | G20: Übrige Finanzierungsinstitutionen / Firmeneigene Finanzierungseinrichtungen und Kapitalgeber | H20: HRB513360-Y1206
A21: 164732223313612 | B21: 5G-Synergiewerk GmbH | C21: Bayern | D21: Gemeinde/Gemeindeverbände | E21: S.11 | F21: 610 | G21: Sonstige Unternehmen | H21: HRB36189-D2102
A22: 158562688693612 | B22: 8. Solarpark Seinsheim GmbH & Co.KG | C22: Bayern | D22: Gemeinde/Gemeindeverbände | E22: S.127 | F22: 64K | G22: Übrige Finanzierungsinstitutionen / Firmeneigene Finanzierungseinrichtungen und Kapitalgeber | H22: HRA7009-D4708 | I22: 391200F2D5QK17EQJ336
A23: 121359340411699 | B23: 8KU GmbH | C23: Berlin | D23: Gemeinde/Gemeindeverbände | E23: S.11 | F23: 940 | G23: Sonstige Unternehmen | H23: HRB120092-F1103
A24: 165587403652812 | B24: A.R.T. Verwertung- und Sortoergesellschaft mbH | C24: Rheinland-Pfalz | D24: Gemeinde/Gemeindeverbände | E24: S.11 | F24: 380 | G24: Sonstige Unternehmen | H24: HRB3090-T2408
A25: 091096436669242 | B25: A.R.Z. - Ambulantes Rehazentrum Nürnberg gGmbH | C25: Bayern | D25: Gemeinde/Gemeindeverbände | E25: S.11 | F25: 860 | G25: Sonstige Unternehmen | H25: HRB19905-D3310
A26: 101081152611777 | B26: A.S.S. Abfallwirtschaftsgesellschaft Saarbrücken mbH | C26: Saarland | D26: Gemeinde/Gemeindeverbände | E26: S.11 | F26: 380 | G26: Sonstige Unternehmen | H26: HRB10565-V1109
A27: 051144210224702 | B27: A.V.E Paderborner Abfallverwertung und Energie GmbH | C27: Nordrhein-Westfalen | D27: Gemeinde/Gemeindeverbände | E27: S.11 | F27: 380 | G27: Sonstige Unternehmen | H27: HRB2042-R2809
A28: 051144296116242 | B28: Aachener Kreuz Merzbrück GmbH & Co. KG | C28: Nordrhein-Westfalen | D28: Gemeinde/Gemeindeverbände | E28: S.11 | F28: 68B | G28: Sonstige Unternehmen | H28: HRA4421-R3101
A29: 051144296121570 | B29: Aachener Kreuz Merzbrück Verwaltungs-GmbH | C29: Nordrhein-Westfalen | D29: Gemeinde/Gemeindeverbände | E29: S.11 | G29: Sonstige Unternehmen | H29: HRB7825-R3101
A30: 051144210202914 | B30: Aachener Parkhaus GmbH (APAG) | C30: Nordrhein-Westfalen | D30: Gemeinde/Gemeindeverbände | E30: S.11 | G30: Sonstige Unternehmen | H30: HRB6276-R3101
A31: 168376971569912 | B31: AAG Immobilien GmbH & Co. KG | C31: Nordrhein-Westfalen | D31: Gemeinde/Gemeindeverbände | E31: S.11 | F31: 68B | G31: Sonstige Unternehmen | H31: HRA36143-R3306
A32: 168376972639812 | B32: AAG Verwaltungs GmbH | C32: Nordrhein-Westfalen | D32: Gemeinde/Gemeindeverbände | E32: S.127 | F32: 64K | G32: Übrige Finanzierungsinstitutionen / Firmeneigene Finanzierungseinrichtungen und Kapitalgeber | H32: HRB110195-R3306
A33: 121116939008364 | B33: Aalener Thermal-Mineralbad GmbH & Co. KG | C33: Baden-Württemberg | D33: Gemeinde/Gemeindeverbände | E33: S.11 | F33: 860 | G33: Sonstige Unternehmen | H33: HRA500732-B8537
A34: 158856174009412 | B34: AB Ökoenergie GmbH | C34: Bayern | D34: Gemeinde/Gemeindeverbände | E34: S.11 | F34: 350 | G34: Sonstige Unternehmen | H34: HRB34477-D2102
A35: 156825354631112 | B35: ABA Industriegebiet GmbH | C35: Brandenburg | D35: Gemeinde/Gemeindeverbände | E35: S.11 | F35: 370 | G35: Sonstige Unternehmen | H35: HRB17243-G1207
A36: 051144210205150 | B36: ABB Immobilien GmbH | C36: Nordrhein-Westfalen | D36: Gemeinde/Gemeindeverbände | E36: S.11 | F36: 870 | G36: Sonstige Unternehmen | H36: HRB8040-R1402
A37: 161284070984812 | B37: ABB Immobilienverwaltung GmbH & Co. KG | C37: Hamburg | D37: Land | E37: S.11 | F37: 68B | G37: Sonstige Unternehmen | H37: HRA126820-K1101
A38: 091188774408094 | B38: ABC Ambulantes BehandlungsCentrum Nürnberg GmbH | C38: Bayern | D38: Gemeinde/Gemeindeverbände | E38: S.11 | F38: 860 | G38: Sonstige Unternehmen | H38: HRB19360-D3310
A39: 061085618372967 | B39: ABeG Abwasserbetriebsgesellschaft mbH | C39: Hessen | D39: Gemeinde/Gemeindeverbände | E39: S.11 | F39: 370 | G39: Sonstige Unternehmen | H39: HRB10943-M1114
A40: 148773051840212 | B40: ABEG Baulandentwicklung Beteiligungsgesellschaft mbH Algermissen | C40: Niedersachsen | D40: Gemeinde/Gemeindeverbände | E40: S.11 | G40: Sonstige Unternehmen | H40: HRB3665-P2408
A41: 148764829357912 | B41: ABEG Baulandentwicklungsgesellschaft mbH Algermissen GmbH & Co. KG | C41: Niedersachsen | D41: Gemeinde/Gemeindeverbände | E41: S.11 | F41: 410 | G41: Sonstige Unternehmen | H41: HRA2857-P2408
A42: 091413568401068 | B42: Abens-Donau Energie GmbH | C42: Bayern | D42: Gemeinde/Gemeindeverbände | E42: S.11 | F42: 350 | G42: Sonstige Unternehmen | H42: HRB13808-D3410
A43: 091122668074248 | B43: Abfall- u. Energie Schweinfurt Land GmbH, Deponie Rothmühle | C43: Bayern | D43: Gemeinde/Gemeindeverbände | E43: S.11 | F43: 380 | G43: Sonstige Unternehmen | H43: HRB3388-D4608 | I43: 9845003A13EFB4DF8D94
A44: 141396241029779 | B44: Abfall- und Servicegesellschaft des Lankreises Nordsachsen mbH ASG mbH | C44: Sachsen | D44: Gemeinde/Gemeindeverbände | E44: S.11 | F44: 380 | G44: Sonstige Unternehmen | H44: HRB30018-U1308
A45: 051144210243110 | B45: Abfall- und Wertstofflogistik Neuss GmbH (AWL) | C45: Nordrhein-Westfalen | D45: Gemeinde/Gemeindeverbände | E45: S.11 | F45: 380 | G45: Sonstige Unternehmen | H45: HRB6473-R1102 | I45: 391200MWLLMETBPDT482
A46: 051144296287852 | B46: Abfall-, Sammel- und Transportverband Oberberg (ASTO) | C46: Nordrhein-Westfalen | D46: Gemeinde/Gemeindeverbände | E46: S.11 | F46: 380 | G46: Sonstige Unternehmen
A47: 121096296309909 | B47: Abfallbehandlungsgesellschaft Havelland mbH | C47: Brandenburg | D47: Gemeinde/Gemeindeverbände | E47: S.11 | F47: 380 | G47: Sonstige Unternehmen | H47: HRB17292-G1312
A48: 071090323809800 | B48: Abfallbeseitigung des Donnersbergkreises | C48: Rheinland-Pfalz | D48: Gemeinde/Gemeindeverbände | E48: S.11 | F48: 380 | G48: Sonstige Unternehmen
A49: 071090323798040 | B49: Abfallbeseitigung des Landkreises Bad Dürkheim | C49: Rheinland-Pfalz | D49: Gemeinde/Gemeindeverbände | E49: S.11 | F49: 380 | G49: Sonstige Unternehmen
A50: 071090323814952 | B50: Abfallbeseitigung des Landkreises Germersheim | C50: Rheinland-Pfalz | D50: Gemeinde/Gemeindeverbände | E50: S.11 | F50: 380 | G50: Sonstige Unternehmen
A51: 071090323803136 | B51: Abfallbeseitigung des Landkreises Kaiserslautern | C51: Rheinland-Pfalz | D51: Gemeinde/Gemeindeverbände | E51: S.11 | F51: 380 | G51: Sonstige Unternehmen
A52: 071090323822400 | B52: Abfallbeseitigung des Landkreises Kusel | C52: Rheinland-Pfalz | D52: Gemeinde/Gemeindeverbände | E52: S.11 | F52: 380 | G52: Sonstige Unternehmen
A53: 071090323823016 | B53: Abfallbeseitigung des Landkreises Südwestpfalz | C53: Rheinland-Pfalz | D53: Gemeinde/Gemeindeverbände | E53: S.11 | F53: 380 | G53: Sonstige Unternehmen
A54: 051144210245606 | B54: Abfallbeseitigungs GmbH Lippe | C54: Nordrhein-Westfalen | D54: Gemeinde/Gemeindeverbände | E54: S.11 | F54: 380 | G54: Sonstige Unternehmen | H54: HRB1155-R2307 | I54: 967600MBWOV5E9EVUR11
A55: 051144210150874 | B55: Abfallbetrieb des Kreises Viersen (ABV) | C55: Nordrhein-Westfalen | D55: Gemeinde/Gemeindeverbände | E55: S.11 | F55: 380 | G55: Sonstige Unternehmen
A56: 141086673355071 | B56: Abfallentsorgung Plauen GmbH | C56: Sachsen | D56: Gemeinde/Gemeindeverbände | E56: S.11 | F56: 380 | G56: Sonstige Unternehmen | H56: HRB4860-U1206
A57: 141086673311503 | B57: Abfallentsorgungs- und Stadtreinigungsbetrieb der Stadt Chemnitz | C57: Sachsen | D57: Gemeinde/Gemeindeverbände | E57: S.11 | F57: 380 | G57: Sonstige Unternehmen | H57: HRA5075-U1206
A58: 101439823271448 | B58: Abfallentsorgungsbetrieb der Kreisstadt Merzig | C58: Saarland | D58: Gemeinde/Gemeindeverbände | E58: S.11 | F58: 380 | G58: Sonstige Unternehmen
A59: 101082385138633 | B59: Abfallentsorgungsbetrieb der Stadt St. Wendel | C59: Saarland | D59: Gemeinde/Gemeindeverbände | E59: S.11 | F59: 380 | G59: Sonstige Unternehmen
A60: 051144210139746 | B60: Abfallentsorgungsbetrieb des Hochsauerlandkreises | C60: Nordrhein-Westfalen | D60: Gemeinde/Gemeindeverbände | E60: S.11 | F60: 380 | G60: Sonstige Unternehmen | I60: 391200CAWMRZEXFT3F68
A61: 051144210162990 | B61: Abfallentsorgungsbetrieb des Kreises Herford | C61: Nordrhein-Westfalen | D61: Gemeinde/Gemeindeverbände | E61: S.11 | F61: 380 | G61: Sonstige Unternehmen
A62: 101332163307917 | B62: Abfallentsorgungsbetrieb Mettlach | C62: Saarland | D62: Gemeinde/Gemeindeverbände | E62: S.11 | F62: 380 | G62: Sonstige Unternehmen
A63: 031095683364211 | B63: Abfallentsorgungsgesellschaft Region Hannover mbH | C63: Niedersachsen | D63: Gemeinde/Gemeindeverbände | E63: S.11 | F63: 380 | G63: Sonstige Unternehmen | H63: HRB213-P2305
A64: 051144210184610 | B64: Abfallentsorgungsgesellschaft des Märkischen Kreises mbH (AMK) | C64: Nordrhein-Westfalen | D64: Gemeinde/Gemeindeverbände | E64: S.11 | F64: 380 | G64: Sonstige Unternehmen | H64: HRB1622-R2604 | I64: 894500GR9HQ76CE54J15
A65: 061085618384103 | B65: Abfall-Entsorgungsgesellschaft mbH Vogelsbergkreis | C65: Hessen | D65: Gemeinde/Gemeindeverbände | E65: S.11 | F65: 380 | G65: Sonstige Unternehmen | H65: HRB5296-M1406 | I65: 39120062MFFZ43HYTH97
A66: 168378565062512 | B66: Abfallentsorgungsgesellschaft Stadt Paderborn mbH | C66: Nordrhein-Westfalen | D66: Gemeinde/Gemeindeverbände | E66: S.11 | F66: 380 | G66: Sonstige Unternehmen | H66: HRB15492-R2809
A67: 121092720721795 | B67: Abfallentsorgungsverband Schwarze Elster | C67: Brandenburg | D67: Gemeinde/Gemeindeverbände | E67: S.11 | F67: 380 | G67: Sonstige Unternehmen | I67: 894500WFVSAH33FHIS71
A68: 153248798719512 | B68: Abfalllogistik Grafschaft Bentheim GmbH | C68: Niedersachsen | D68: Gemeinde/Gemeindeverbände | E68: S.11 | F68: 380 | G68: Sonstige Unternehmen | H68: HRB208745-P3313
A69: 141086673364431 | B69: Abfall-Logistik Leipzig GmbH (ALL) | C69: Sachsen | D69: Gemeinde/Gemeindeverbände | E69: S.11 | F69: 380 | G69: Sonstige Unternehmen | H69: HRB19010-U1308
A70: 031095683363395 | B70: Abfall-Service Osterholz GmbH | C70: Niedersachsen | D70: Gemeinde/Gemeindeverbände | E70: S.11 | F70: 380 | G70: Sonstige Unternehmen | H70: HRB121008-P2716
A71: 061085618548149 | B71: Abfallverband Rheingau | C71: Hessen | D71: Gemeinde/Gemeindeverbände | E71: S.11 | F71: 380 | G71: Sonstige Unternehmen
A72: 051144210233802 | B72: Abfallverwertungsgesellschaft Bocholt mbH (ABG mbH) | C72: Nordrhein-Westfalen | D72: Gemeinde/Gemeindeverbände | E72: S.11 | F72: 380 | G72: Sonstige Unternehmen | H72: HRB9146-R2707
A73: 121116938992428 | B73: Abfallverwertungsgesellschaft des Landkreises Ludwigsburg mbH | C73: Baden-Württemberg | D73: Gemeinde/Gemeindeverbände | E73: S.11 | F73: 380 | G73: Sonstige Unternehmen | H73: HRB203306-B8534 | I73: 529900QD5JFHKR9VKS74
A74: 091170720464153 | B74: Abfallwirtschaft des Landkreises Tirschenreuth | C74: Bayern | D74: Gemeinde/Gemeindeverbände | E74: S.11 | F74: 380 | G74: Sonstige Unternehmen
A75: 121087915446924 | B75: Abfallwirtschaft Dithmarschen GmbH -AWD- | C75: Schleswig-Holstein | D75: Gemeinde/Gemeindeverbände | E75: S.11 | F75: 380 | G75: Sonstige Unternehmen | H75: HRB926ME-X1321
A76: 091458567023815 | B76: Abfallwirtschaft Fichtelgebirge Verwaltungs GmbH | C76: Bayern | D76: Gemeinde/Gemeindeverbände | E76: S.11 | F76: 380 | G76: Sonstige Unternehmen | H76: HRB2021-D4501
A77: 151082364701809 | B77: Abfallwirtschaft GmbH Halle-Lochau | C77: Sachsen-Anhalt | D77: Gemeinde/Gemeindeverbände | E77: S.11 | F77: 380 | G77: Sonstige Unternehmen | H77: HRB201649-W1215 | I77: 391200L1V2DLJSYBQE54
A78: 031213865738278 | B78: Abfallwirtschaft Heidekreis - AöR - | C78: Niedersachsen | D78: Gemeinde/Gemeindeverbände | E78: S.11 | F78: 380 | G78: Sonstige Unternehmen
A79: 121459993945644 | B79: Abfallwirtschaft Heidekreis Service GmbH | C79: Niedersachsen | D79: Gemeinde/Gemeindeverbände | E79: S.11 | F79: 380 | G79: Sonstige Unternehmen | H79: HRB202369-P2507
A80: 061085618140895 | B80: Abfallwirtschaft Lahn-Dill, Eigenbetrieb des Lahn-Dill-Kreises | C80: Hessen | D80: Gemeinde/Gemeindeverbände | E80: S.11 | F80: 380 | G80: Sonstige Unternehmen
A81: 071090323797256 | B81: Abfallwirtschaft Landkreis Neuwied Anstalt des öffentlichen Rechts | C81: Rheinland-Pfalz | D81: Gemeinde/Gemeindeverbände | E81: S.11 | F81: 380 | G81: Sonstige Unternehmen
A82: 031095683315779 | B82: Abfallwirtschaft Landkreis Wesermarsch | C82: Niedersachsen | D82: Gemeinde/Gemeindeverbände | E82: S.11 | F82: 380 | G82: Sonstige Unternehmen
A83: 121441935119665 | B83: Abfallwirtschaft Ludwigslust-Parchim AöR | C83: Mecklenburg-Vorpommern | D83: Gemeinde/Gemeindeverbände | E83: S.11 | F83: 380 | G83: Sonstige Unternehmen
A84: 061085618391351 | B84: Abfallwirtschaft Odenwald GmbH | C84: Hessen | D84: Gemeinde/Gemeindeverbände | E84: S.11 | F84: 380 | G84: Sonstige Unternehmen | H84: HRB71280-M1103
A85: 152583321904512 | B85: Abfallwirtschaft Rems-Murr AöR (AWRM) | C85: Baden-Württemberg | D85: Gemeinde/Gemeindeverbände | E85: S.11 | F85: 380 | G85: Sonstige Unternehmen | H85: HRA734140-B8534 | I85: 9845004EEP1A53D77452
A86: 121434591034421 | B86: Abfallwirtschaft Rendsburg-Eckernförde GmbH | C86: Schleswig-Holstein | D86: Gemeinde/Gemeindeverbände | E86: S.11 | F86: 380 | G86: Sonstige Unternehmen | H86: HRB1246RD-X1517
A87: 151301298899659 | B87: Abfallwirtschaft Sachsen-Anhalt Süd -AöR- | C87: Sachsen-Anhalt | D87: Gemeinde/Gemeindeverbände | E87: S.11 | F87: 380 | G87: Sonstige Unternehmen | I87: 5299001FKQ81A6DI7368
A88: 121087915450004 | B88: Abfallwirtschaft Schleswig-Flensburg GmbH | C88: Schleswig-Holstein | D88: Gemeinde/Gemeindeverbände | E88: S.11 | F88: 380 | G88: Sonstige Unternehmen | H88: HRB599SL-X1112
A89: 121087915448044 | B89: Abfallwirtschaft Südholstein GmbH - AWSH - | C89: Schleswig-Holstein | D89: Gemeinde/Gemeindeverbände | E89: S.11 | F89: 380 | G89: Sonstige Unternehmen | H89: HRB8348HL-X1721
A90: 141120746482880 | B90: Abfallwirtschaft Torgau Oschatz GmbH | C90: Sachsen | D90: Gemeinde/Gemeindeverbände | E90: S.11 | F90: 380 | G90: Sonstige Unternehmen | H90: HRB21148-U1308
A91: 121116938987668 | B91: Abfallwirtschaft und Stadtreinigung Freiburg GmbH | C91: Baden-Württemberg | D91: Gemeinde/Gemeindeverbände | E91: S.11 | F91: 380 | G91: Sonstige Unternehmen | H91: HRB5979-B8536
A92: 091090326017917 | B92: Abfallwirtschafts- u. Stadtreinigungsbetrieb der Stadt Augsburg | C92: Bayern | D92: Gemeinde/Gemeindeverbände | E92: S.11 | F92: 380 | G92: Sonstige Unternehmen
A93: 031132646111139 | B93: Abfallwirtschafts- und Beschäftigungsbetriebe Landkreis Peine -Kommunale Anstalt des öffentlichen Rechts- | C93: Niedersachsen | D93: Gemeinde/Gemeindeverbände | E93: S.11 | F93: 380 | G93: Sonstige Unternehmen | H93: HRA100948-P2408 | I93: 89450022O5S4R1YB9Q86
A94: 071090323802352 | B94: Abfallwirtschaftsbetrieb Landkreis Altenkirchen | C94: Rheinland-Pfalz | D94: Gemeinde/Gemeindeverbände | E94: S.11 | F94: 380 | G94: Sonstige Unternehmen
A95: 161093863181522 | B95: Abfallwirtschaftsbetrieb Unstrut-Hainich-Kreis | C95: Thüringen | D95: Gemeinde/Gemeindeverbände | E95: S.11 | F95: 380 | G95: Sonstige Unternehmen
A96: 051144210157478 | B96: Abfallwirtschaftsbetrieb der Stadt Bergisch Gladbach | C96: Nordrhein-Westfalen | D96: Gemeinde/Gemeindeverbände | E96: S.11 | F96: 380 | G96: Sonstige Unternehmen
A97: 071090323820664 | B97: Abfallwirtschaftsbetrieb des Landkreises Alzey-Worms | C97: Rheinland-Pfalz | D97: Gemeinde/Gemeindeverbände | E97: S.11 | F97: 380 | G97: Sonstige Unternehmen
A98: 091169597483838 | B98: Abfallwirtschaftsbetrieb des Landkreises Augsburg | C98: Bayern | D98: Gemeinde/Gemeindeverbände | E98: S.11 | F98: 380 | G98: Sonstige Unternehmen
A99: 121116979598686 | B99: Abfallwirtschaftsbetrieb des Landkreises Biberach | C99: Baden-Württemberg | D99: Gemeinde/Gemeindeverbände | E99: S.11 | F99: 380 | G99: Sonstige Unternehmen
A100: 121116979671904 | B100: Abfallwirtschaftsbetrieb des Landkreises Esslingen | C100: Baden-Württemberg | D100: Gemeinde/Gemeindeverbände | E100: S.11 | F100: 380 | G100: Sonstige Unternehmen
...

Sheet Zugang
A1: Identifikator | B1: Liste der sonstigen Fonds, Einrichtungen und Unternehmen Neuzugänge gegenüber dem Stand 1. Januar 2025 Stand 1. Januar 2026 | C1: Bundesland | D1: Eigner / Bundesland | E1: Neuer ESVG- Teilsektor | F1: Neuer Kunden- systematik- Schlüssel | G1: Monatliche Bilanzstatistik – Sektor – | H1: Anmerkungen
A2: 173622600258212 | B2: 1. Immobilienanlagegesellschaft Oldenburg mbH & Co. KG | C2: Niedersachsen | D2: Gemeinde/Gemeindeverbände | E2: S.127 | F2: 64K | G2: Übrige Finanzierungsinstitutionen / Firmeneigene Finanzierungseinrichtungen und Kapitalgeber
A3: 175264168110612 | B3: Abwasserbeseitigungsbetrieb der Stadt Bramsche | C3: Niedersachsen | D3: Gemeinde/Gemeindeverbände | E3: S.11 | F3: 370 | G3: Sonstige Unternehmen | H3: Abgang Liste der Extrahaushalte 2026.
A4: 177001227333112 | B4: Abwasserverband Aischgrund | C4: Bayern | D4: Gemeinde/Gemeindeverbände | E4: S.11 | F4: 370 | G4: Sonstige Unternehmen
A5: 141086673391886 | B5: Abwasserzweckverband "Landwasser" | C5: Sachsen | D5: Gemeinde/Gemeindeverbände | E5: S.11 | F5: 370 | G5: Sonstige Unternehmen
A6: 173190678022412 | B6: Adelebser Immobilien GmbH | C6: Niedersachsen | D6: Gemeinde/Gemeindeverbände | E6: S.11 | F6: 68A | G6: Sonstige Unternehmen
A7: 176586215954312 | B7: Agenda Gewässer III. Ordnung Planungs GmbH | C7: Bayern | D7: Gemeinde/Gemeindeverbände | E7: S.11 | F7: 710 | G7: Sonstige Unternehmen
A8: 51163394188500 | B8: AggerEnergie GmbH | C8: Nordrhein-Westfalen | D8: Gemeinde/Gemeindeverbände | E8: S.11 | F8: 350 | G8: Sonstige Unternehmen
A9: 173623121000612 | B9: AHK Nachhaltigkeits GmbH | C9: Niedersachsen | D9: Land | E9: S.127 | F9: 64K | G9: Übrige Finanzierungsinstitutionen / Firmeneigene Finanzierungseinrichtungen und Kapitalgeber
A10: 176974835072712 | B10: AIP Innenprojekt GmbH | C10: Sachsen | D10: Gemeinde/Gemeindeverbände | E10: S.11 | F10: 430 | G10: Sonstige Unternehmen
A11: 177070006354812 | B11: Altfraunhofener Kommunalunternehmen | C11: Bayern | D11: Gemeinde/Gemeindeverbände | E11: S.11 | F11: 940 | G11: Sonstige Unternehmen
A12: 174037396140312 | B12: Amario GmbH | C12: Baden-Württemberg | D12: Gemeinde/Gemeindeverbände | E12: S.11 | F12: 430 | G12: Sonstige Unternehmen
A13: 177252117939812 | B13: Amperland Thermalwärme GmbH | C13: Bayern | D13: Gemeinde/Gemeindeverbände | E13: S.11 | G13: Sonstige Unternehmen
A14: 172861852766712 | B14: ATE Windpark Marienthal GmbH & Co. KG | C14: Baden-Württemberg | D14: Gemeinde/Gemeindeverbände | E14: S.11 | F14: 350 | G14: Sonstige Unternehmen
A15: 176785247483312 | B15: ATOZ Facility Solutions GmbH | C15: Berlin | D15: Land | E15: S.11 | F15: 810 | G15: Sonstige Unternehmen
A16: 176595397503912 | B16: Bad Lausicker Thermenresort GmbH | C16: Sachsen | D16: Gemeinde/Gemeindeverbände | E16: S.11 | F16: 550 | G16: Sonstige Unternehmen
A17: 175800099987612 | B17: BALANCE Beteiligungsmanagement GmbH & Co. KG | C17: Sachsen | D17: Gemeinde/Gemeindeverbände | E17: S.127 | F17: 64K | G17: Übrige Finanzierungsinstitutionen / Firmeneigene Finanzierungseinrichtungen und Kapitalgeber
A18: 149922235802612 | B18: Barnimer Energiebeteiligungsgesellschaft mbH (BEBG) | C18: Brandenburg | D18: Gemeinde/Gemeindeverbände | E18: S.11 | F18: 350 | G18: Sonstige Unternehmen
A19: 170313044770412 | B19: Barnstorfer Umwelt-Erlebnis-Zentrum gGmbH | C19: Niedersachsen | D19: Gemeinde/Gemeindeverbände | E19: S.11 | F19: 820 | G19: Sonstige Unternehmen | H19: Abgang Liste der Extrahaushalte 2026.
A20: 177182103026212 | B20: Batteriespeicher Leupolz Beteiligungsgesellschaft mbH & Co.KG | C20: Bayern | D20: Gemeinde/Gemeindeverbände | E20: S.127 | F20: 64K | G20: Übrige Finanzierungsinstitutionen / Firmeneigene Finanzierungseinrichtungen und Kapitalgeber
A21: 177182105542312 | B21: Batteriespeicher Leupolz Beteiligungsgesellschaft Verwaltungs GmbH | C21: Bayern | D21: Gemeinde/Gemeindeverbände | E21: S.127 | F21: 64K | G21: Übrige Finanzierungsinstitutionen / Firmeneigene Finanzierungseinrichtungen und Kapitalgeber
A22: 121092720504329 | B22: Bau- und Betreibergesellschaft IBA-Terrassen mbH | C22: Brandenburg | D22: Gemeinde/Gemeindeverbände | E22: S.11 | F22: 68B | G22: Sonstige Unternehmen | H22: Abgang Liste der Extrahaushalte 2026.
A23: 177450844402512 | B23: Bayern Kapital Wachstums- und ScaleUp-Fonds GmbH & Co.KG | C23: Bayern | D23: Land | E23: S.127 | F23: 64E | G23: Übrige Finanzierungsinstitutionen / Firmeneigene Finanzierungseinrichtungen und Kapitalgeber
A24: 91090237414073 | B24: Bayern Tourismus Marketinggesellschaft mit beschränkter Haftung | C24: Bayern | D24: Gemeinde/Gemeindeverbände | E24: S.11 | F24: 730 | G24: Sonstige Unternehmen
A25: 175341886861412 | B25: BaySF BayernWind GmbH | C25: Bayern | D25: Land | E25: S.11 | F25: 350 | G25: Sonstige Unternehmen
A26: 177723606286512 | B26: Beteiligungsgesellschaft Wadern mbH | C26: Saarland | D26: Gemeinde/Gemeindeverbände | E26: S.127 | F26: 64K | G26: Übrige Finanzierungsinstitutionen / Firmeneigene Finanzierungseinrichtungen und Kapitalgeber
A27: 51144296136178 | B27: BEW Netze GmbH | C27: Nordrhein-Westfalen | D27: Gemeinde/Gemeindeverbände | E27: S.11 | F27: 350 | G27: Sonstige Unternehmen
A28: 177270425154612 | B28: Bildungsservice Kreis Groß-Gerau (AöR) | C28: Hessen | D28: Gemeinde/Gemeindeverbände | E28: S.11 | F28: 880 | G28: Sonstige Unternehmen
A29: 149628156216112 | B29: Bingen Netz GmbH & Co.KG | C29: Rheinland-Pfalz | D29: Gemeinde/Gemeindeverbände | E29: S.11 | F29: 350 | G29: Sonstige Unternehmen | H29: Abgang Liste der Extrahaushalte 2026.
A30: 168852823043412 | B30: Biowärme Dinslaken GmbH | C30: Nordrhein-Westfalen | D30: Gemeinde/Gemeindeverbände | E30: S.11 | F30: 350 | G30: Sonstige Unternehmen
A31: 148853498943909 | B31: BiVA - Biologische Verwertungsgesellschaft Allgäu mbH | C31: Bayern | D31: Gemeinde/Gemeindeverbände | E31: S.11 | F31: 380 | G31: Sonstige Unternehmen
A32: 168869994605412 | B32: Blockhaus Ahlhorn gGmbH | C32: Niedersachsen | D32: Gemeinde/Gemeindeverbände | E32: S.11 | F32: 880 | G32: Sonstige Unternehmen | H32: Abgang Liste der Extrahaushalte 2026.
A33: 176058818375912 | B33: BML GebäudeService GmbH | C33: Bayern | D33: Gemeinde/Gemeindeverbände | E33: S.11 | F33: 810 | G33: Sonstige Unternehmen
A34: 175247497570312 | B34: Breisach Marketing GmbH | C34: Baden-Württemberg | D34: Gemeinde/Gemeindeverbände | E34: S.11 | F34: 730 | G34: Sonstige Unternehmen
A35: 174046549459912 | B35: Breitband Ostalb Kommunalanstalt des öffentlichen Rechts | C35: Baden-Württemberg | D35: Gemeinde/Gemeindeverbände | E35: S.11 | F35: 620 | G35: Sonstige Unternehmen
A36: 177078523280812 | B36: Burger Wärme GmbH | C36: Bayern | D36: Gemeinde/Gemeindeverbände | E36: S.11 | F36: 350 | G36: Sonstige Unternehmen
A37: 173683179710012 | B37: BürgerGesundheitsPark Bad Gandersheim GmbH | C37: Niedersachsen | D37: Gemeinde/Gemeindeverbände | E37: S.11 | F37: 860 | G37: Sonstige Unternehmen
A38: 175142944103612 | B38: Bürgerwind Höhenkirchner Forst GmbH & Co. KG | C38: Bayern | D38: Gemeinde/Gemeindeverbände | E38: S.11 | F38: 350 | G38: Sonstige Unternehmen
A39: 175151942749412 | B39: Bürgerwindpark Höhenkirchner Forst Verwaltungs GmbH | C39: Bayern | D39: Gemeinde/Gemeindeverbände | E39: S.127 | F39: 64K | G39: Übrige Finanzierungsinstitutionen / Firmeneigene Finanzierungseinrichtungen und Kapitalgeber
A40: 176828318014312 | B40: Burkhard-von-Seckendorff Heim der Hospitalstiftung Gunzenhausen | C40: Bayern | D40: Gemeinde/Gemeindeverbände | E40: S.11 | F40: 870 | G40: Sonstige Unternehmen
A41: 176101729504512 | B41: CCE TECHNIK GMBH ROSTOCK COMMUNICATIONS- UND ELEKTROTECHNIK | C41: Mecklenburg-Vorpommern | D41: Gemeinde/Gemeindeverbände | E41: S.11 | F41: 710 | G41: Sonstige Unternehmen
A42: 173683324358912 | B42: Celler Photovoltaik und Elektro GmbH | C42: Niedersachsen | D42: Gemeinde/Gemeindeverbände | E42: S.11 | F42: 430 | G42: Sonstige Unternehmen
A43: 175488428695112 | B43: Citymanagement Albstadt GmbH | C43: Baden-Württemberg | D43: Gemeinde/Gemeindeverbände | E43: S.11 | F43: 940 | G43: Sonstige Unternehmen
A44: 91329764723014 | B44: CONTIGAS Deutsche Energie AG | C44: Bayern | D44: Gemeinde/Gemeindeverbände | E44: S.127 | F44: 64K | G44: Übrige Finanzierungsinstitutionen / Firmeneigene Finanzierungseinrichtungen und Kapitalgeber
A45: 176171508497212 | B45: c-Port Hafenbesitz GmbH | C45: Niedersachsen | D45: Gemeinde/Gemeindeverbände | E45: S.11 | F45: 380 | G45: Sonstige Unternehmen
A46: 175738963187512 | B46: Datteln 4 Beteiligungs-GmbH | C46: Bund | D46: Bund | E46: S.127 | F46: 64K | G46: Übrige Finanzierungsinstitutionen / Firmeneigene Finanzierungseinrichtungen und Kapitalgeber
A47: 176127673885312 | B47: Deutsche Alpensegelflugschule Anlagegesellschaft mbH | C47: Bayern | D47: Gemeinde/Gemeindeverbände | E47: S.11 | F47: 68B | G47: Sonstige Unternehmen
A48: 169328142547112 | B48: Deutsche Energie Infrastruktur I GmbH | C48: Baden-Württemberg | D48: Gemeinde/Gemeindeverbände | E48: S.11 | F48: 350 | G48: Sonstige Unternehmen
A49: 176612013367512 | B49: Deutsche Weinakademie GmbH | C49: Bund | D49: Bund | E49: S.11 | F49: 940 | G49: Sonstige Unternehmen
A50: 174108033083812 | B50: Deutsche Zeppelin-Reederei GmbH | C50: Baden-Württemberg | D50: Gemeinde/Gemeindeverbände | E50: S.11 | F50: 510 | G50: Sonstige Unternehmen
A51: 51144210197662 | B51: DGA Dürener Gesellschaft für Arbeitsförderung mbH | C51: Nordrhein-Westfalen | D51: Gemeinde/Gemeindeverbände | E51: S.11 | F51: 850 | G51: Sonstige Unternehmen | H51: Abgang Liste der Extrahaushalte 2026.
A52: 175877559091812 | B52: DIAK Klinikum Landkreis Schwäbisch Hall gGmbH | C52: Baden-Württemberg | D52: Gemeinde/Gemeindeverbände | E52: S.11 | F52: 860 | G52: Sonstige Unternehmen
A53: 176276391366012 | B53: DIAK-Dienstleistungs-GmbH | C53: Baden-Württemberg | D53: Gemeinde/Gemeindeverbände | E53: S.11 | F53: 860 | G53: Sonstige Unternehmen
A54: 175393708030812 | B54: Die Praxis eG | C54: Baden-Württemberg | D54: Gemeinde/Gemeindeverbände | E54: S.11 | F54: 860 | G54: Sonstige Unternehmen
A55: 174831831435912 | B55: Die Stiftungspartner GmbH | C55: Niedersachsen | D55: Land | E55: S.11 | F55: 70A | G55: Sonstige Unternehmen
A56: 176101765563512 | B56: Digitale Stadt Grevesmühlen GmbH | C56: Mecklenburg-Vorpommern | D56: Gemeinde/Gemeindeverbände | E56: S.11 | F56: 730 | G56: Sonstige Unternehmen
A57: 177191200815512 | B57: DKB Campus GmbH | C57: Berlin | D57: Land | E57: S.11 | F57: 68B | G57: Sonstige Unternehmen
A58: 176335557536512 | B58: Donau-Stadtwerke Dillingen-Lauingen Heimatenergie GmbH (DSDL Heimatenergie GmbH) | C58: Bayern | D58: Gemeinde/Gemeindeverbände | E58: S.11 | F58: 350 | G58: Sonstige Unternehmen
A59: 170296505261012 | B59: DPL Projektentwicklungs GmbH Leipzig | C59: Nordrhein-Westfalen | D59: Gemeinde/Gemeindeverbände | E59: S.11 | F59: 710 | G59: Sonstige Unternehmen
A60: 176309633773012 | B60: DZ-4 Errichtungsgesellschaft mbH | C60: Baden-Württemberg | D60: Gemeinde/Gemeindeverbände | E60: S.11 | F60: 710 | G60: Sonstige Unternehmen
A61: 176309613404712 | B61: DZ-4 GmbH | C61: Baden-Württemberg | D61: Gemeinde/Gemeindeverbände | E61: S.11 | F61: 350 | G61: Sonstige Unternehmen
A62: 175065538505912 | B62: eCharge Budenheim GmbH | C62: Rheinland-Pfalz | D62: Gemeinde/Gemeindeverbände | E62: S.11 | G62: Sonstige Unternehmen
A63: 174296652770812 | B63: Edemissen Energie GmbH | C63: Niedersachsen | D63: Gemeinde/Gemeindeverbände | E63: S.11 | F63: 350 | G63: Sonstige Unternehmen
A64: 174469764868712 | B64: EE Harz-Eichsfeld Verwaltungs-GmbH | C64: Niedersachsen | D64: Gemeinde/Gemeindeverbände | E64: S.127 | F64: 64K | G64: Übrige Finanzierungsinstitutionen / Firmeneigene Finanzierungseinrichtungen und Kapitalgeber
A65: 177399620831212 | B65: e-HET GmbH | C65: Sachsen-Anhalt | D65: Gemeinde/Gemeindeverbände | E65: S.11 | F65: 470 | G65: Sonstige Unternehmen
A66: 175203764957312 | B66: Ehle/Ihle Verband | C66: Sachsen-Anhalt | D66: Gemeinde/Gemeindeverbände | E66: S.11 | F66: 940 | G66: Sonstige Unternehmen
A67: 175937812648012 | B67: ehoch7 GmbH | C67: Baden-Württemberg | D67: Gemeinde/Gemeindeverbände | E67: S.11 | F67: 710 | G67: Sonstige Unternehmen
A68: 175868701715212 | B68: Eigenbetrieb bauSTEIN HEIMbau | C68: Baden-Württemberg | D68: Gemeinde/Gemeindeverbände | E68: S.11 | F68: 940 | G68: Sonstige Unternehmen
A69: 174065026987112 | B69: Eigenbetrieb Bürgergartenschau 2029 Vaihingen | C69: Baden-Württemberg | D69: Gemeinde/Gemeindeverbände | E69: S.11 | F69: 940 | G69: Sonstige Unternehmen
A70: 177501692638412 | B70: Eigenbetrieb der Stadt Altenberg | C70: Sachsen | D70: Gemeinde/Gemeindeverbände | E70: S.11 | F70: 940 | G70: Sonstige Unternehmen
A71: 175091423335312 | B71: Eigenbetrieb Energie der Stadt Schriesheim | C71: Baden-Württemberg | D71: Gemeinde/Gemeindeverbände | E71: S.11 | F71: 350 | G71: Sonstige Unternehmen
A72: 175082641479112 | B72: Eigenbetrieb Friedhöfe und Bestattung München | C72: Bayern | D72: Gemeinde/Gemeindeverbände | E72: S.11 | F72: 960 | G72: Sonstige Unternehmen
A73: 175367387694012 | B73: Eigenbetrieb GeoNetz für Wärme und Kühlung der Gemeinde Kronau | C73: Baden-Württemberg | D73: Gemeinde/Gemeindeverbände | E73: S.11 | F73: 350 | G73: Sonstige Unternehmen
A74: 175194544996312 | B74: Eigenbetrieb Gesundheitszentrum der Stadt Bad Saulgau | C74: Baden-Württemberg | D74: Gemeinde/Gemeindeverbände | E74: S.11 | F74: 860 | G74: Sonstige Unternehmen
A75: 061085618143823 | B75: Eigenbetrieb Jugend- und Freizeiteinrichtungen des Landkreises Hersfeld-Rotenburg | C75: Hessen | D75: Gemeinde/Gemeindeverbände | E75: S.11 | F75: 940 | G75: Sonstige Unternehmen
A76: 161093863182874 | B76: Eigenbetrieb Kommunalservice Jena | C76: Thüringen | D76: Gemeinde/Gemeindeverbände | E76: S.11 | F76: 820 | G76: Sonstige Unternehmen | H76: Abgang Liste der Extrahaushalte 2026.
A77: 174132182178412 | B77: Eigenbetrieb Medizinisches Versorgungszentrum der Stadt Furtwangen im Schwarzwald | C77: Baden-Württemberg | D77: Gemeinde/Gemeindeverbände | E77: S.11 | F77: 860 | G77: Sonstige Unternehmen
A78: 174037866162512 | B78: Eigenbetrieb Städtische Entwässerung Eberbach | C78: Baden-Württemberg | D78: Gemeinde/Gemeindeverbände | E78: S.11 | F78: 370 | G78: Sonstige Unternehmen
A79: 175306866288312 | B79: Eigenbetrieb WIE Leutenbach (Werte, Immobilien, Energieerzeugung) | C79: Baden-Württemberg | D79: Gemeinde/Gemeindeverbände | E79: S.11 | F79: 940 | G79: Sonstige Unternehmen
A80: 168239742607912 | B80: Ein Harz GmbH | C80: Niedersachsen | D80: Gemeinde/Gemeindeverbände | E80: S.11 | F80: 940 | G80: Sonstige Unternehmen | H80: Abgang Liste der Extrahaushalte 2026.
A81: 175255824767212 | B81: EIN-Energie GmbH | C81: Niedersachsen | D81: Gemeinde/Gemeindeverbände | E81: S.11 | F81: 710 | G81: Sonstige Unternehmen
A82: 175799987097712 | B82: eins energie Beteiligungsgesellschaft Chemnitz mbH | C82: Sachsen | D82: Gemeinde/Gemeindeverbände | E82: S.127 | F82: 64K | G82: Übrige Finanzierungsinstitutionen / Firmeneigene Finanzierungseinrichtungen und Kapitalgeber
A83: 176586543638412 | B83: eins energie Beteiligungsverwaltung GmbH | C83: Sachsen | D83: Gemeinde/Gemeindeverbände | E83: S.127 | F83: 64K | G83: Übrige Finanzierungsinstitutionen / Firmeneigene Finanzierungseinrichtungen und Kapitalgeber
A84: 176595321977812 | B84: Einzig:artig !nklusive gGmbH | C84: Sachsen | D84: Gemeinde/Gemeindeverbände | E84: S.11 | F84: 880 | G84: Sonstige Unternehmen
A85: 173743702920912 | B85: Emder Solar GmbH | C85: Niedersachsen | D85: Gemeinde/Gemeindeverbände | E85: S.11 | F85: 350 | G85: Sonstige Unternehmen
A86: 177734891454612 | B86: EMiL Entsorgungswirtschaft Kreis Minden-Lübbecke Anstalt öffentlichen Rechts (EMiL AöR) | C86: Nordrhein-Westfalen | D86: Gemeinde/Gemeindeverbände | E86: S.11 | F86: 380 | G86: Sonstige Unternehmen
A87: 173641034190612 | B87: EMS PreCab GmbH | C87: Niedersachsen | D87: Land | E87: S.11 | F87: 250 | G87: Sonstige Unternehmen
A88: 152721399909512 | B88: EnBW Dreekant GmbH | C88: Baden-Württemberg | D88: Gemeinde/Gemeindeverbände | E88: S.11 | F88: 710 | G88: Sonstige Unternehmen
A89: 176162995744212 | B89: EnBW Solarpark Elbe-Elster Mitte GmbH & Co. KG | C89: Baden-Württemberg | D89: Gemeinde/Gemeindeverbände | E89: S.11 | F89: 350 | G89: Sonstige Unternehmen
A90: 176163109700712 | B90: EnBW Solarpark Gutenzell-Hürbel GmbH & Co. KG | C90: Baden-Württemberg | D90: Gemeinde/Gemeindeverbände | E90: S.11 | F90: 350 | G90: Sonstige Unternehmen
A91: 176517493498312 | B91: EnBW Solarpark Langenenslingen GmbH & Co. KG | C91: Baden-Württemberg | D91: Gemeinde/Gemeindeverbände | E91: S.11 | F91: 350 | G91: Sonstige Unternehmen
A92: 175367399836112 | B92: enercity Erneuerbare Eisenberg-Komplementär GmbH | C92: Niedersachsen | D92: Gemeinde/Gemeindeverbände | E92: S.127 | F92: 64K | G92: Übrige Finanzierungsinstitutionen / Firmeneigene Finanzierungseinrichtungen und Kapitalgeber
A93: 175488697431712 | B93: enercity Erneuerbare Erste Beteiligung GmbH & Co. KG | C93: Brandenburg | D93: Gemeinde/Gemeindeverbände | E93: S.127 | F93: 64E | G93: Übrige Finanzierungsinstitutionen / Firmeneigene Finanzierungseinrichtungen und Kapitalgeber
A94: 173882255288812 | B94: enercity Erneuerbare Erste Beteiligung Komplementär GmbH | C94: Niedersachsen | D94: Gemeinde/Gemeindeverbände | E94: S.127 | F94: 64E | G94: Übrige Finanzierungsinstitutionen / Firmeneigene Finanzierungseinrichtungen und Kapitalgeber
A95: 175496982826712 | B95: enercity Erneuerbare Erste Windpark Komplementär GmbH | C95: Niedersachsen | D95: Gemeinde/Gemeindeverbände | E95: S.127 | F95: 64E | G95: Übrige Finanzierungsinstitutionen / Firmeneigene Finanzierungseinrichtungen und Kapitalgeber
A96: 173873221608212 | B96: enercity Erneuerbare Holding GmbH & Co. KG | C96: Niedersachsen | D96: Gemeinde/Gemeindeverbände | E96: S.127 | F96: 64K | G96: Übrige Finanzierungsinstitutionen / Firmeneigene Finanzierungseinrichtungen und Kapitalgeber
A97: 175980941928312 | B97: enercity Fachpartner-Holding GmbH | C97: Niedersachsen | D97: Gemeinde/Gemeindeverbände | E97: S.127 | F97: 64K | G97: Übrige Finanzierungsinstitutionen / Firmeneigene Finanzierungseinrichtungen und Kapitalgeber
A98: 175696136363712 | B98: enercity Solarpark Eisenberg GmbH & Co. KG | C98: Niedersachsen | D98: Gemeinde/Gemeindeverbände | E98: S.11 | F98: 350 | G98: Sonstige Unternehmen
A99: 175307077591412 | B99: enercity Solarpark Lehrte-Ahlten GmbH & Co. KG | C99: Niedersachsen | D99: Gemeinde/Gemeindeverbände | E99: S.11 | F99: 350 | G99: Sonstige Unternehmen
A100: 173873236441712 | B100: enercity Solarpark Weener GmbH & Co. KG | C100: Niedersachsen | D100: Gemeinde/Gemeindeverbände | E100: S.11 | F100: 350 | G100: Sonstige Unternehmen
...

Sheet Abgang
A1: Identifikator | B1: Liste der sonstigen Fonds, Einrichtungen und Unternehmen Abgänge gegenüber dem Stand 1. Januar 2025 Stand 1. Januar 2026 | C1: Bundesland | D1: Träger/ Eigentümer | E1: Neuer ESVG- Teilsektor | F1: Neuer Kunden- systematik- Schlüssel | G1: Neuer Monatliche Bilanzstatistik – Sektor – | H1: Anmerkungen
A2: 121391050922759 | B2: "Der Apparat" Multimedia GmbH | C2: Berlin | D2: Land | E2: S.11 | G2: Sonstige Unternehmen
A3: 162848041940105 | B3: 010052 Telecom GmbH | C3: Nordrhein-Westfalen | D3: Gemeinde/Gemeindeverbände | H3: verschmolzen auf Plusnet GmbH
A4: 162848041961105 | B4: 010088 Telecom GmbH | C4: Nordrhein-Westfalen | D4: Gemeinde/Gemeindeverbände | H4: verschmolzen auf Plusnet GmbH
A5: 162848041937305 | B5: 010090 GmbH | C5: Nordrhein-Westfalen | D5: Gemeinde/Gemeindeverbände | H5: verschmolzen auf Plusnet GmbH
A6: 162848041962505 | B6: 01012 Telecom GmbH | C6: Nordrhein-Westfalen | D6: Gemeinde/Gemeindeverbände | H6: verschmolzen auf Plusnet GmbH
A7: 162848041941505 | B7: 01052 Communications GmbH | C7: Nordrhein-Westfalen | D7: Gemeinde/Gemeindeverbände | H7: verschmolzen auf Plusnet GmbH
A8: 162848041938705 | B8: 01098 Telecom GmbH | C8: Nordrhein-Westfalen | D8: Gemeinde/Gemeindeverbände | H8: verschmolzen auf Plusnet GmbH
A9: 163842814439312 | B9: 1. Berndorfer Immobilien-Verwaltungs-GmbH | C9: Hessen | D9: Gemeinde/Gemeindeverbände | E9: S.1313 | F9: 84A | G9: Gemeinde/Gemeindeverbände | H9: Zugang Liste der Extrahaushalte 2026.
A10: 173683426591612 | B10: A B S Hydraulik-Service GmbH | C10: Bayern | D10: Gemeinde/Gemeindeverbände | H10: verschmolzen auf Zeppelin Baumaschinen GmbH
A11: 121453346325481 | B11: Abendschulen Mannheim Gesellschaft mit beschränkter Haftung | C11: Baden-Württemberg | D11: Gemeinde/Gemeindeverbände | E11: S.1313 | F11: 84A | G11: Gemeinde/Gemeindeverbände | H11: Zugang Liste der Extrahaushalte 2026.
A12: 51144210163302 | B12: Abfallentsorgungsbetrieb des Kreises Minden-Lübbecke | C12: Nordrhein-Westfalen | D12: Gemeinde/Gemeindeverbände | H12: zusammengeführt mit KreisAbfallVerwertungsGesellschaft (KAVG)
A13: 31095683319859 | B13: Abfallwirtschaftsbetrieb Landkreis Aurich | C13: Niedersachsen | D13: Gemeinde/Gemeindeverbände | E13: S.11 | F13: 380 | G13: Sonstige Unternehmen
A14: 31095683323363 | B14: Abwasserbeseitigung Samtgemeinde Grafschaft Hoya | C14: Niedersachsen | D14: Gemeinde/Gemeindeverbände | H14: Aufgaben übertragen auf Wasserverband „Nienburger Land“
A15: 31095683322211 | B15: Abwasserbeseitigungsbetrieb Dissen aTW | C15: Niedersachsen | D15: Gemeinde/Gemeindeverbände | E15: S.11 | F15: 370 | G15: Sonstige Unternehmen
A16: 131168938544361 | B16: Abwasserbetrieb Schlemmin | C16: Mecklenburg-Vorpommern | D16: Gemeinde/Gemeindeverbände | H16: Aufgelöst.
A17: 131083765788352 | B17: Abwasserbetrieb Semlow | C17: Mecklenburg-Vorpommern | D17: Gemeinde/Gemeindeverbände | H17: Aufgelöst.
A18: 31095683317075 | B18: Abwasserentsorgungsbetrieb Stolzenau | C18: Niedersachsen | D18: Gemeinde/Gemeindeverbände | E18: S.11 | F18: 370 | G18: Sonstige Unternehmen
A19: 151082364703309 | B19: Abwassergesellschaft Stendal mbH | C19: Sachsen-Anhalt | D19: Gemeinde/Gemeindeverbände | H19: verschmolzen auf Stadtwerke - Altmärkische Gas-, Wasser- und Elektrizitätswerke GmbH
A20: 61085618540325 | B20: Abwasserverband Oberes Usatal | C20: Hessen | D20: Gemeinde/Gemeindeverbände | E20: S.1313 | F20: 84A | G20: Gemeinde/Gemeindeverbände | H20: Zugang Liste der Extrahaushalte 2026.
A21: 121116938650970 | B21: Abwasserverband Unteres Kandertal | C21: Baden-Württemberg | D21: Gemeinde/Gemeindeverbände | H21: Aufgelöst.
A22: 141086673398894 | B22: Abwasserzweckverband "Kamenz-Nord" | C22: Sachsen | D22: Gemeinde/Gemeindeverbände | H22: eingegliedert in "Wasser und Abwasser Zweckverband Lausitz (WAZV Lausitz)"
A23: 141086673391886 | B23: Abwasserzweckverband "Landwasser" | C23: Sachsen | D23: Gemeinde/Gemeindeverbände | E23: S.11 | F23: 370 | G23: Sonstige Unternehmen
A24: 91090237363145 | B24: aerogate München Gesellschaft für Luftverkehrsabfertigungen mbH | C24: Bayern | D24: Land | H24: verschmolzen auf AHS MÜNCHEN Aviation Handling Services GmbH
A25: 150336744213212 | B25: Altmühl-Jura GmbH | C25: Bayern | D25: Gemeinde/Gemeindeverbände | E25: S.1313 | F25: 84A | G25: Gemeinde/Gemeindeverbände | H25: Zugang Liste der Extrahaushalte 2026.
A26: 121164852276632 | B26: AQUAtoll Restaurantbetriebsgesellschaft mbH | C26: Baden-Württemberg | D26: Gemeinde/Gemeindeverbände | E26: S.1313 | F26: 84A | G26: Gemeinde/Gemeindeverbände | H26: Zugang Liste der Extrahaushalte 2026.
A27: 158760949786912 | B27: Arbeitsgemeinschaft Fahrrad- und Fußgängerfreundlicher Kommunen in BW e.V. (AGFK-BW) | C27: Baden-Württemberg | D27: Gemeinde/Gemeindeverbände | E27: S.1313 | F27: 84A | G27: Gemeinde/Gemeindeverbände | H27: Zugang Liste der Extrahaushalte 2026.
A28: 131083766016408 | B28: ARCUM Südwestmecklenburg GmbH i. L. | C28: Mecklenburg-Vorpommern | D28: Gemeinde/Gemeindeverbände | H28: Aufgelöst..
A29: 168542422392012 | B29: ARGE DMP Koronare Herzkrankheiten GbR | C29: gesetzliche Sozialversicherung | D29: Sozialversicherung | E29: S.11 | F29: 860 | G29: Sonstige Unternehmen
A30: 163090618640612 | B30: ATE Solarparks 1 GmbH & Co. KG | C30: Baden-Württemberg | D30: Gemeinde/Gemeindeverbände | H30: jetzt "KMW Solarpark Kichrheimbolanden GmbH & Co. KG"
A31: 163090747943412 | B31: ATE Solarparks 10 GmbH & Co. KG | C31: Baden-Württemberg | D31: Gemeinde/Gemeindeverbände | E31: S.11 | F31: 350 | G31: Sonstige Unternehmen
A32: 163090629733312 | B32: ATE Solarparks 2 GmbH & Co. KG | C32: Baden-Württemberg | D32: Gemeinde/Gemeindeverbände | E32: S.11 | F32: 350 | G32: Sonstige Unternehmen
A33: 163098655010912 | B33: ATE Windpark Lußhardt GmbH & Co. KG | C33: Baden-Württemberg | D33: Gemeinde/Gemeindeverbände | E33: S.11 | F33: 350 | G33: Sonstige Unternehmen
A34: 163090794259612 | B34: ATE Windpark Warmsen GmbH & Co. KG | C34: Niedersachsen | D34: Gemeinde/Gemeindeverbände | E34: S.11 | F34: 350 | G34: Sonstige Unternehmen
A35: 166753731538412 | B35: ATE Windpark Weinbach Weilmünster GmbH & Co. KG | C35: Baden-Württemberg | D35: Gemeinde/Gemeindeverbände | E35: S.11 | F35: 350 | G35: Sonstige Unternehmen
A36: 167652426395712 | B36: ATRAS Beteiligungs GmbH | C36: Niedersachsen | D36: Gemeinde/Gemeindeverbände | H36: Aufgelöst..
A37: 150812818908712 | B37: Auricher Bäder- und Hallenbetriebsverwaltungsgesellschaft mbH | C37: Niedersachsen | D37: Gemeinde/Gemeindeverbände | E37: S.1313 | F37: 84A | G37: Gemeinde/Gemeindeverbände | H37: Zugang Liste der Extrahaushalte 2026.
A38: 150181162033812 | B38: AWIGO Recycling GmbH | C38: Niedersachsen | D38: Gemeinde/Gemeindeverbände | E38: S.11 | F38: 380 | G38: Sonstige Unternehmen
A39: 71159947990872 | B39: Bad Kreuznacher Entwicklungsgesellschaft mbH (BKEG) | C39: Rheinland-Pfalz | D39: Gemeinde/Gemeindeverbände | H39: Aufgelöst..
A40: 31095683347795 | B40: Bad Pyrmont Tourismus GmbH | C40: Niedersachsen | D40: Gemeinde/Gemeindeverbände | E40: S.1313 | F40: 84A | G40: Gemeinde/Gemeindeverbände | H40: Zugang Liste der Extrahaushalte 2026.
A41: 31095683339299 | B41: Bad Sachsa Holding GmbH & Co. KG | C41: Niedersachsen | D41: Gemeinde/Gemeindeverbände | H41: Aufgelöst..
A42: 121231724158926 | B42: Bad Sooden-Allendorf Kurbetriebs GmbH | C42: Hessen | D42: Gemeinde/Gemeindeverbände | E42: S.11 | F42: 930 | G42: Sonstige Unternehmen
A43: 168376998073112 | B43: Bäder- und Wirtschaftsbetriebe Höxter GmbH | C43: Nordrhein-Westfalen | D43: Gemeinde/Gemeindeverbände | E43: S.1313 | F43: 84A | G43: Gemeinde/Gemeindeverbände | H43: Zugang Liste der Extrahaushalte 2026.
A44: 121406772461807 | B44: Bäderbetriebsgesellschaft Albstadt mbH | C44: Baden-Württemberg | D44: Gemeinde/Gemeindeverbände | H44: verschmolzen auf Albstadtwerke GmbH
A45: 101114002749372 | B45: Bäderbetriebsgesellschaft St. Ingbert mbH | C45: Saarland | D45: Gemeinde/Gemeindeverbände | H45: verschmolzen auf Stadtwerke St. Ingbert GmbH
A46: 121472783100141 | B46: BahnTechnologie Campus Havelland GmbH | C46: Brandenburg | D46: Gemeinde/Gemeindeverbände | E46: S.1313 | F46: 84A | G46: Gemeinde/Gemeindeverbände | H46: Zugang Liste der Extrahaushalte 2026.
A47: 31225186442728 | B47: Bau-, Grundstücks- und Erschließungs-GmbH der Stadt Dinklage | C47: Niedersachsen | D47: Gemeinde/Gemeindeverbände | E47: S.1313 | F47: 84A | G47: Gemeinde/Gemeindeverbände | H47: Zugang Liste der Extrahaushalte 2026.
A48: 154995749450712 | B48: Bayernfonds Kambera GmbH | C48: Bayern | D48: Land | H48: Aufgelöst..
A49: 51144210136678 | B49: Beihilfekasse der Stadt Köln | C49: Nordrhein-Westfalen | D49: Gemeinde/Gemeindeverbände | E49: S.1313 | F49: 84A | G49: Gemeinde/Gemeindeverbände | H49: Zugang Liste der Extrahaushalte 2026.
A50: 121086607476636 | B50: Berliner Energieagentur Gesellschaft mit beschränkter Haftung | C50: Berlin | D50: Land | E50: S.1312 | F50: 84A | G50: Land | H50: Zugang Liste der Extrahaushalte 2026.
A51: 121473132076091 | B51: Berlinovo Wohnimmobilien GmbH | C51: Berlin | D51: Land | E51: S.11 | F51: 68B | G51: Sonstige Unternehmen
A52: 168421003154712 | B52: BGG Rathausmarkt GmbH & Co. KG | C52: Bremen | D52: Land | H52: Aufgelöst..
A53: 155789019064912 | B53: BGV V Rotterdam 1 GmbH & Co. KG | C53: Bayern | D53: Land | H53: Aufgelöst..
A54: 141217932779684 | B54: Bioenergie Neuamerika GmbH | C54: Sachsen | D54: Gemeinde/Gemeindeverbände | E54: S.1313 | F54: 84A | G54: Gemeinde/Gemeindeverbände | H54: Zugang Liste der Extrahaushalte 2026.
A55: 121485224567580 | B55: Biogas Milda GmbH & Co. KG | C55: Thüringen | D55: Gemeinde/Gemeindeverbände | E55: S.11 | F55: 350 | G55: Sonstige Unternehmen
A56: 121324520007033 | B56: Biokraft Naturbrennstoffe GmbH | C56: Hessen | D56: Gemeinde/Gemeindeverbände | H56: verschmolzen auf EVO Ressourcen GmbH
A57: 158855996895912 | B57: BioSolid GmbH | C57: Niedersachsen | D57: Gemeinde/Gemeindeverbände | E57: S.11 | F57: 70A
A58: 157483133403512 | B58: BIOtherm Straubenhardt GmbH | C58: Baden-Württemberg | D58: Gemeinde/Gemeindeverbände | E58: S.1313 | F58: 84A | G58: Gemeinde/Gemeindeverbände | H58: Zugang Liste der Extrahaushalte 2026.
A59: 31095683365027 | B59: Bispingen Touristik e. V. | C59: Niedersachsen | D59: Gemeinde/Gemeindeverbände | E59: S.1313 | F59: 84A | G59: Gemeinde/Gemeindeverbände | H59: Zugang Liste der Extrahaushalte 2026.
A60: 166935726221712 | B60: Bitergo GmbH | C60: Bund | D60: Bund | E60: S.11 | F60: 620
A61: 152989481047312 | B61: Braunlage Tourismus Marketing GmbH | C61: Niedersachsen | D61: Gemeinde/Gemeindeverbände | E61: S.1313 | F61: 84A | G61: Gemeinde/Gemeindeverbände | H61: Zugang Liste der Extrahaushalte 2026.
A62: 151149689417512 | B62: Breitbandgesellschaft Grafschaft Bentheim- Beteiligungsgesellschaft mit beschränkter Haftung | C62: Niedersachsen | D62: Gemeinde/Gemeindeverbände | E62: S.1313 | F62: 84A | G62: Gemeinde/Gemeindeverbände | H62: Zugang Liste der Extrahaushalte 2026.
A63: 150181162555112 | B63: Breitbandgesellschaft Lüchow-Dannenberg mbH | C63: Niedersachsen | D63: Gemeinde/Gemeindeverbände | E63: S.1313 | F63: 84A | G63: Gemeinde/Gemeindeverbände | H63: Zugang Liste der Extrahaushalte 2026.
A64: 161596095247412 | B64: Breitbandnetz und Infrastruktur M-EA-N-S Anstalt des öffentlichen Rechts | C64: Rheinland-Pfalz | D64: Gemeinde/Gemeindeverbände | E64: S.1313 | F64: 84A | G64: Gemeinde/Gemeindeverbände | H64: Zugang Liste der Extrahaushalte 2026.
A65: 162329926190312 | B65: Bruchsaler Stadtentwicklungs- und Verwaltungs- GmbH | C65: Baden-Württemberg | D65: Gemeinde/Gemeindeverbände | H65: Aufgelöst..
A66: 169337150405512 | B66: Bürgerspital International Services GmbH (BIS GmbH) | C66: Bayern | D66: Gemeinde/Gemeindeverbände | E66: S.1313 | F66: 84A | G66: Gemeinde/Gemeindeverbände | H66: Zugang Liste der Extrahaushalte 2026.
A67: 51144210180190 | B67: BusinessCampus Rhein-Sieg GmbH | C67: Nordrhein-Westfalen | D67: Gemeinde/Gemeindeverbände | H67: Aufgelöst..
A68: 171324042920012 | B68: Butz Betriebs GmbH | C68: Bayern | D68: Gemeinde/Gemeindeverbände | E68: S.11 | F68: 550 | G68: Sonstige Unternehmen
A69: 121337649994019 | B69: BVD Südhessen GmbH | C69: Hessen | D69: Gemeinde/Gemeindeverbände | H69: verschmolzen auf bauverein AG
A70: 91251198363004 | B70: BVE - Betrieb und Verwaltung der Eishalle Königsbrunn | C70: Bayern | D70: Gemeinde/Gemeindeverbände | H70: Aufgelöst..
A71: 161889224342005 | B71: Campus Unteres Schloss Süd GmbH & Co. KG | C71: Nordrhein-Westfalen | D71: Land | E71: S.1312 | F71: 84A | G71: Land | H71: Zugang Liste der Extrahaushalte 2026.
A72: 161889224340605 | B72: Campus Unteres Schloss Verwaltungs-GmbH | C72: Nordrhein-Westfalen | D72: Land | E72: S.1312 | F72: 84A | G72: Land | H72: Zugang Liste der Extrahaushalte 2026.
A73: 171566141468812 | B73: Caplantic ESG Solutions GmbH | C73: Niedersachsen | D73: Land | H73: verschmolzen auf caplantic GmbH
A74: 171566167246512 | B74: Caplantic Service GmbH | C74: Niedersachsen | D74: Land | H74: verschmolzen auf caplantic GmbH
A75: 150837856983112 | B75: Castra Grundstücksverwaltungsgesellschaft mbH | C75: Rheinland-Pfalz | D75: Gemeinde/Gemeindeverbände | H75: Aufgelöst..
A76: 157430630386412 | B76: citysens GmbH | C76: Baden-Württemberg | D76: Gemeinde/Gemeindeverbände | H76: verschmolzen auf SWU TeleNet GmbH
A77: 121238122562682 | B77: Congress Center Böblingen / Sindelfingen GmbH | C77: Baden-Württemberg | D77: Gemeinde/Gemeindeverbände | E77: S.1313 | F77: 84A | G77: Gemeinde/Gemeindeverbände | H77: Zugang Liste der Extrahaushalte 2026.
A78: 161889224162805 | B78: cowelio GmbH | C78: Nordrhein-Westfalen | D78: Gemeinde/Gemeindeverbände | E78: S.1313 | F78: 84A | G78: Gemeinde/Gemeindeverbände | H78: Zugang Liste der Extrahaushalte 2026.
A79: 154216453676012 | B79: Data Virtuality GmbH | C79: Sachsen | D79: Gemeinde/Gemeindeverbände | E79: S.11 | F79: 620 | G79: Sonstige Unternehmen
A80: 168360527154712 | B80: DattelNet GmbH | C80: Nordrhein-Westfalen | D80: Gemeinde/Gemeindeverbände | E80: S.1313 | F80: 84A | G80: Gemeinde/Gemeindeverbände | H80: Zugang Liste der Extrahaushalte 2026.
A81: 121447037584653 | B81: DB Barnsdale AG | C81: Bund | D81: Bund | H81: verschmolzen auf Deutsche Bahn Aktiengesellschaft
A82: 121087915203144 | B82: DB Kommunikationstechnik GmbH | C82: Bund | D82: Bund | H82: verschmolzen auf DB InfraGO AG
A83: 121087915141946 | B83: DCH Düsseldorfer Container-Hafen GmbH; neuer Name: HGK Intermodal Düsseldorf GmbH | C83: Bund | D83: Bund | E83: S.11 | F83: 520 | G83: Sonstige Unternehmen
A84: 152350359347112 | B84: Deutsche Bahn Finance GmbH | C84: Bund | D84: Bund | H84: verschmolzen auf Deutsche Bahn Aktiengesellschaft
A85: 148853613780109 | B85: Deutsche Finance Individualstruktur Nr. 1 GmbH & Co. KG | C85: Bayern | D85: Gemeinde/Gemeindeverbände | H85: Aufgelöst..
A86: 155728575792312 | B86: Deutsche Finance Individualstruktur Nr. 2 GmbH & Co.KG | C86: Bayern | D86: Gemeinde/Gemeindeverbände | H86: Aufgelöst..
A87: 121422585363778 | B87: Diagnostik Ernst von Bergmann GmbH | C87: Brandenburg | D87: Gemeinde/Gemeindeverbände | H87: verschmolzen auf Ernst von Bergmann Innovation-Trans fer-Gesellschaft mbH
A88: 161889224347605 | B88: DIG Duisburg Infrastrukturgesellschaft mbH | C88: Nordrhein-Westfalen | D88: Gemeinde/Gemeindeverbände | E88: S.1313 | F88: 84A | G88: Gemeinde/Gemeindeverbände | H88: Zugang Liste der Extrahaushalte 2026.
A89: 155771702546512 | B89: Digitalprojekt 4 GmbH | C89: Berlin | D89: Gemeinde/Gemeindeverbände | H89: vershcmolzen auf EWE Go GmbH
A90: 155133016306012 | B90: DKB BayernImmo Beteiligungs GmbH & Co. KG | C90: Bayern | D90: Land | H90: Aufgelöst..
A91: 149723567683112 | B91: DKB Stiftung Jugenddörfer gemeinnützige GmbH | C91: Bayern | D91: Land | E91: S.11 | F91: 880 | G91: Sonstige Unternehmen
A92: 121390962679935 | B92: DKB Stiftung Liebenberg gemeinnützige GmbH | C92: Brandenburg | D92: Land | E92: S.11 | F92: 880 | G92: Sonstige Unternehmen
A93: 121274401898349 | B93: Dom Römer GmbH | C93: Hessen | D93: Gemeinde/Gemeindeverbände | E93: S.1313 | F93: 84A | G93: Gemeinde/Gemeindeverbände | H93: Zugang Liste der Extrahaushalte 2026.
A94: 149636817179112 | B94: Domizil an den Thermen GmbH & Co.KG | C94: Rheinland-Pfalz | D94: Gemeinde/Gemeindeverbände | H94: Aufgelöst..
A95: 164135831246512 | B95: Dorfläden Seßlach Verwaltungs-GmbH | C95: Bayern | D95: Gemeinde/Gemeindeverbände | E95: S.1313 | F95: 84A | G95: Gemeinde/Gemeindeverbände | H95: Zugang Liste der Extrahaushalte 2026.
A96: 167626244822612 | B96: Dorfläden Untermerzbach Verwaltungs GmbH | C96: Bayern | D96: Gemeinde/Gemeindeverbände | E96: S.1313 | F96: 84A | G96: Gemeinde/Gemeindeverbände | H96: Zugang Liste der Extrahaushalte 2026.
A97: 161889224346205 | B97: Dortmunder Kommunikationstechnik GmbH | C97: Nordrhein-Westfalen | D97: Gemeinde/Gemeindeverbände | E97: S.1313 | F97: 84A | G97: Gemeinde/Gemeindeverbände | H97: Zugang Liste der Extrahaushalte 2026.
A98: 164749333998612 | B98: duisport industrial solutions Nord GmbH | C98: Hamburg | D98: Land | H98: verschmolzen auf duisport industrial solutions NordWest GmbH
A99: 151322453127512 | B99: DZ-4 GmbH | C99: Hamburg | D99: Gemeinde/Gemeindeverbände | E99: S.11 | F99: 350 | G99: Sonstige Unternehmen
A100: 51384751287562 | B100: Eco-Care Recycling Solutions GmbH | C100: Nordrhein-Westfalen | D100: Gemeinde/Gemeindeverbände | H100: verschmolzen auf EGN Entsorgungsgesellschaft Niederrhein mbH
...
